 Dungeon Crawl Stone Soup version 0.31-a0-1-g4198be8af4 (webtiles) character file.

Game seed: 11268941340588327789

2534 BigDaddyOpFi the Digger (level 9, -5/51 HPs)
             Began as a Formicid Earth Elementalist on May 1, 2023.
             Was an Initiate of Vehumet.
             Slain by an orc warrior
             ... wielding a +0 halberd
              (9 damage)
             ... on level 7 of the Dungeon.
             The game lasted 00:10:37 (9488 turns).

BigDaddyOpFi the Digger (FoEE)                      Turns: 9488, Time: 00:10:37

Health: -5/51      AC:  8    Str: 14    XL:     9   Next: 85%
Magic:  17/17      EV: 13    Int: 18    God:    Vehumet [......]
Gold:   151        SH:  0    Dex: 14    Spells: 15/19 levels left

rFire   . . .        h - +5 hand axe (vamp)
rCold   . . .        (no shield)
rNeg    . . .        n - +2 robe {Will+}
rPois   .            (helmet unavailable)
rElec   .            w - +0 cloak {rCorr}
rCorr   +            r - +0 pair of gloves
SInv    +            (no boots)
Will    +....        (no amulet)
Stlth   +++          (no ring)
HPRegen 0.00/turn    (no ring)
MPRegen 0.15/turn

%: no passive effects
@: inhibited regen, unable to read
A: permanent stasis, dig shafts and tunnels, antennae 3, four strong arms,
iridescent scales 1, frail 1, inhibited regeneration, inability to read after
injury 1
a: Dig, Shaft Self, Renounce Religion


You were on level 7 of the Dungeon.
You worshipped Vehumet.
Vehumet was noncommittal.
You visited 2 branches of the dungeon, and saw 8 of its levels.

You collected 151 gold pieces.

Inventory:

Hand Weapons
 h - a +5 vampiric hand axe (weapon)
Armour
 n - a +2 robe of willpower (worn)
 r - a +0 pair of gloves (worn)
 w - a +0 cloak of preservation (worn)
Wands
 u - a wand of paralysis (8)
Scrolls
 e - 2 scrolls of magic mapping
 i - 2 scrolls of fog
 k - 3 scrolls of amnesia
 o - a scroll of brand weapon
 q - a scroll of fear
 s - a scroll of teleportation
 t - 2 scrolls of identify
Potions
 a - a potion of lignification {unknown}
 d - 3 potions of haste
 f - a potion of invisibility {unknown}
 l - a potion of cancellation
 m - 2 potions of mutation
 p - a potion of might {unknown}
 v - a potion of brilliance {unknown}


   Skills:
 + Level 4.7 Axes
 + Level 3.2 Dodging
 + Level 4.5 Stealth
 + Level 5.7 Spellcasting
 + Level 5.8 Conjurations
 * Level 3.2 Summonings
 - Level 2.1 Transmutations
 + Level 7.3 Earth Magic


You had 15 spell levels left.
You knew the following spells:

 Your Spells              Type           Power      Damage    Failure   Level
a - Sandblast             Erth           62%        2d14      1%          1
b - Stone Arrow           Conj/Erth      56%        3d10      2%          3

Your spell library contained the following spells:

 Spells                   Type           Power      Damage    Failure   Level
 Passwall                 Tmut/Erth      18%        N/A       2%          2
 Petrify                  Tmut/Erth      22%        N/A       17%         4
 Ozocubu's Armour         Ice            5%         N/A       36%         3
 Portal Projectile        Hex/Tloc       10%        N/A       36%         3
 Tukima's Dance           Hex            5%         N/A       36%         3
 Summon Ice Beast         Ice/Summ       11%        N/A       54%         4
 Fireball                 Conj/Fire      7%         3d5       71%         5
 Blade Hands              Tmut           6%         N/A       80%         5
 Summon Mana Viper        Hex/Summ       11%        N/A       87%         5
 Metabolic Englaciation   Hex/Ice        2%         N/A       98%         5
 Plasma Beam              Fire/Air       2%         2x1d14    100%        6
 Simulacrum               Ice/Necr       2%         N/A       100%        6
 Monstrous Menagerie      Summ           8%         N/A       100%        7


Dungeon Overview and Level Annotations

Branches:
Dungeon (7/15)             Temple (1/1) D:6

Altars:
Ashenzari
Dithmenos
Fedhas
Hepliaklqana
Okawaru
Qazlal
Sif Muna
Trog
Uskayaw
Vehumet
Xom
Yredelemnul
Zin
The Shining One

Portals:
Abyss: D:6

Annotations:
D:6 2 transporters, retardedninja's ghost, novice GnFE


Innate Abilities, Weirdness & Mutations

You cannot be hasted, slowed, berserked, paralysed or teleported.
You can dig through walls and to a lower floor.
You have a pair of large antennae on your head. (SInv)
Your four strong arms can wield two-handed weapons with a shield.
You are partially covered in iridescent scales. (AC +2)
You are frail. (-10% HP)
You do not regenerate when monsters are visible.
You occasionally lose the ability to read scrolls when taking damage.


Message History

Aim: an orc warrior, wielding a +0 halberd and wearing a +0 plate armour (severely wounded, 84% to hit)
The blast of sand hits the orc warrior but does no damage.
The orc warrior is severely wounded.
The orc warrior misses you.
The orc warrior hits you with a +0 halberd!
* * * LOW HITPOINT WARNING * * *
Okay, then.
Okay, then.
Okay, then.
You feel better.
The orc warrior hits you with a +0 halberd!
* * * LOW HITPOINT WARNING * * *
The orc warrior attacks as you move away!
The orc warrior hits you with a +0 halberd.
* * * LOW HITPOINT WARNING * * *
The orc warrior closely misses you.
Casting: Sandblast (safe; 1% risk of failure)
Confirm with . or Enter, or press ? or * to list all spells.
Aiming: Stone Arrow (dangerous; 2% risk of failure)
Press: ? - help, Shift-Dir - straight line, f/p - orc warrior
Aim: an orc warrior, wielding a +0 halberd and wearing a +0 plate armour (severely wounded, 71% to hit)
The stone arrow misses the orc warrior.
The orc warrior closely misses you.
You are too injured to fight recklessly!
Unknown command.
Okay, then.
It was a potion of cancellation.
You feel magically purged. The orc warrior misses you.
It was a potion of mutation.
You feel extremely strange.
You occasionally lose the ability to read scrolls when taking damage.
Your regeneration stops near monsters.
You feel frail.
Iridescent scales grow over part of your body.
The orc warrior barely misses you.
Okay, then.
Casting: Stone Arrow (dangerous; 2% risk of failure)
Confirm with . or Enter, or press ? or * to list all spells.
You don't know that spell.
Magic courses through your body.
The orc warrior hits you from afar with a +0 halberd!
You feel threatened and lose the ability to read scrolls!
You die...

.....# ...#
####.#######.# #. .
#............#
#.#.######
#...##o.########
#...#....####. #.##
##..##...... ####o#
....##....# #..o.#
...)##....######@####
....##....##.....#
.............#####
....##....####
....##..<.#
....##....#
....##....#
###########


You could see an orc warrior and an orc.

Vanquished Creatures
  Pikel (D:4)
  Sigmund (D:3)
  Edmund (D:6)
  2 black bears (D:5)
  A centaur (D:5)
  2 phantoms
  Blork the orc (D:4)
  A bullfrog (D:6)
  2 scorpions
  10 killer bees
  A howler monkey (D:4)
  2 hounds (D:6)
  A jelly (D:5)
  Crazy Yiuf (D:6)
  4 orc priests
  6 iguanas
  A sleepcap (D:3)
  Jessica (D:3)
  Natasha (thrice) (D:3)
  An orc wizard (D:4)
  8 adders
  An ufetubus (D:6)
  A worm (D:4)
  3 dart slugs
  10 orcs
  7 ball pythons
  8 endoplasms
  7 giant cockroaches
  9 goblins
  4 hobgoblins
  2 jackals (D:4)
  4 quokkas
  7 bats
  A frilled lizard (D:1)
  2 kobolds
  5 rats (D:1)
122 creatures vanquished.

Vanquished Creatures (others)
  5 toadstools (D:1)
5 creatures vanquished.

Grand Total: 127 creatures vanquished

Notes
Turn   | Place    | Note
-------+----------+-------------------------------------------
     0 | D:1      | BigDaddyOpFi the Formicid Earth Elementalist began the
                  | quest for the Orb.
     0 | D:1      | Reached XP level 1. HP: 13/13 MP: 3/3
   201 | D:1      | Reached XP level 2. HP: 19/19 MP: 1/5
   503 | D:1      | Reached XP level 3. HP: 24/24 MP: 3/6
   877 | D:1      | Reached skill level 4 in Earth Magic
  1439 | D:2      | Reached XP level 4. HP: 30/30 MP: 5/8
  1562 | D:2      | Learned a level 3 spell: Stone Arrow
  2535 | D:3      | Noticed Natasha
  2540 | D:3      | Killed Natasha
  2541 | D:3      | Reached XP level 5. HP: 24/35 MP: 7/9
  2621 | D:3      | Noticed Natasha
  2634 | D:3      | Noticed Jessica
  2641 | D:3      | Killed Jessica
  2642 | D:3      | Reached skill level 1 in Conjurations
  2668 | D:3      | Killed Natasha
  2669 | D:3      | Reached skill level 1 in Axes
  2754 | D:3      | Noticed Sigmund
  2764 | D:3      | Killed Sigmund
  2765 | D:3      | Reached skill level 5 in Earth Magic
  2765 | D:3      | Reached XP level 6. HP: 39/41 MP: 6/11
  2841 | D:3      | Noticed Natasha
  2849 | D:3      | Killed Natasha
  2940 | D:4      | Found a glowing silver altar of Zin.
  2958 | D:4      | Reached XP level 7. HP: 35/46 MP: 6/12
  4128 | D:4      | Noticed Pikel
  4141 | D:4      | Killed Pikel
  4142 | D:4      | Reached skill level 6 in Earth Magic
  4142 | D:4      | Reached XP level 8. HP: 16/52 MP: 10/15
  4440 | D:4      | Noticed Blork the orc
  4444 | D:4      | Killed Blork the orc
  4672 | D:5      | Entered Level 5 of the Dungeon
  4703 | D:5      | Reached skill level 5 in Conjurations
  4874 | D:5      | Reached skill level 5 in Spellcasting
  4884 | D:5      | Reached XP level 9. HP: 53/57 MP: 7/16
  5156 | D:5      | Noticed a two-headed ogre
  5157 | D:5      | Noticed a two-headed ogre
  5197 | D:5      | Reached skill level 1 in Summonings
  5356 | D:6      | Found a staircase to the Ecumenical Temple.
  5369 | Temple   | Entered the Ecumenical Temple
  5545 | Temple   | Became a worshipper of Vehumet
  5952 | Temple   | Reached skill level 7 in Earth Magic
  6462 | D:6      | Found a one-way gate to the infinite horrors of the Abyss.
  6462 | D:6      | Noticed retardedninja's ghost (novice GnFE)
  6471 | D:6      | Found a transporter.
  6508 | D:6      | Noticed Edmund
  6513 | D:6      | Killed Edmund
  6792 | D:6      | Found a transporter.
  7103 | D:6      | Got the Dissertation on Calefaction
  7393 | D:6      | Found a runed translucent door.
  7394 | D:6      | Noticed Crazy Yiuf
  7534 | D:6      | Killed Crazy Yiuf
  9485 | D:7      | Gained mutation: You occasionally lose the ability to read
                  | scrolls when taking damage. [potion of mutation]
  9485 | D:7      | Gained mutation: You do not regenerate when monsters are
                  | visible. [potion of mutation]
  9485 | D:7      | Gained mutation: You are frail. (-10% HP) [potion of
                  | mutation]
  9485 | D:7      | Gained mutation: You are partially covered in iridescent
                  | scales. (AC +2) [potion of mutation]
  9488 | D:7      | Slain by an orc warrior

Illustrated notes

Levels and vault maps discovered:
D:1:      ldierk_walled_garden, layout_basic
D:2:      layout_rooms
D:3:      layout_rooms, uniq_jessica, uniq_natasha, uniq_sigmund
D:4:      layout_loops_cross, lemuel_crystal_altar, uniq_blork_the_orc,
          uniq_pikel
D:5:      layout_rooms, grunt_decor_cap, lightli_corner_chamber
D:6:      layout_layer_cave, minmay_temple_entry_grid,
          gammafunk_ghost_abyssal_escape, serial_rivers,
          chequers_serial_rivers_micro_b, chequers_serial_rivers_small_b,
          chequers_serial_rivers_small_3, chequers_serial_rivers_micro_a,
          uniq_edmund, uniq_crazy_yiuf_cottage
D:7:      layout_rooms, nicolae_concentric_dashed_squares_wild, uniq_menkaure
Temple:   mainiacjoe_temple_trianglar_array

Skill      XL: |  1  2  3  4  5  6  7  8  9 |
---------------+----------------------------+-----
Dodging        | 2 3 |  3.2
Stealth        | 3 4 |  4.5
Earth Magic    | 4 5 6 7 |  7.3
Transmutations | 2 |  2.1
Spellcasting   | 3 4 5 |  5.7
Conjurations   | 2 4 5 |  5.8
Axes           | 1 2 3 4 |  4.7
Summonings     | 3 |  3.2

Action                     |  1- 3 |  4- 6 |  7- 9 || total
---------------------------+-------+-------+-------++-------
  Melee: Unarmed           |    33 |       |       ||    33
         Dagger            |     9 |       |       ||     9
         Hand axe          |       |    17 |    15 ||    32
   Cast: Sandblast         |    48 |    44 |    87 ||   179
         Stone Arrow       |       |     1 |    49 ||    50
    Use: Scroll            |     3 |     4 |     6 ||    13
         Potion            |       |     1 |    11 ||    12
   Stab: Sleeping          |       |     2 |       ||     2
 Armour: Robe              |    19 |     9 |    42 ||    70
  Dodge: Dodged            |    53 |    22 |   106 ||   181

Table legend: (Time is in decaauts)
 A = Elapsed time spent in this place.
 B = Non-inter-level travel time spent in this place.
 C = Inter-level travel time spent in this place.
 D = Time resting spent in this place.
 E = Time spent auto-exploring this place.
 F = Levels seen in this place.
 G = Mean time per level.
                   A        B        C        D        E       F      G
               +--------+--------+--------+--------+--------+-----+--------+
         Total |   9600 |   9361 |    239 |   3100 |   5083 |   8 | 1200.0 |
       Dungeon |   8848 |   8636 |    212 |   2576 |   4937 |   7 | 1264.0 |
        Temple |    751 |    724 |     27 |    524 |    146 |   1 |  751.0 |
               +--------+--------+--------+--------+--------+-----+--------+

Top non-repeatable levels by time:
     D:6: 2470 daAuts
     D:3: 1328 daAuts
     D:1: 1303 daAuts
     D:4: 1219 daAuts
     D:7: 986 daAuts
     D:2: 892 daAuts
  Temple: 751 daAuts
     D:5: 648 daAuts
